 Dungeon Crawl Stone Soup version 0.28.0-43-g3370ac3207 (webtiles) character file.

Game seed: 15812087639417097552

17 tizbic2 the Firebug (level 2, 0/23 HPs)
             Began as a Hill Orc Fire Elementalist on Mar 11, 2022.
             Succumbed to an adder's poison
             ... on level 2 of the Dungeon.
             The game lasted 00:03:57 (851 turns).

tizbic2 the Firebug (Hill Orc Fire Elementalist)     Turns: 851, Time: 00:03:58

Health: 0/23       AC:  2    Str: 10    XL:     2   Next: 62%
Magic:  1/4        EV: 12    Int: 15    God:
Gold:   39         SH:  0    Dex: 11    Spells: 1/4 levels left

rFire   . . .      SeeInvis .   a - staff of poison
rCold   . . .      Faith    .   (no shield)
rNeg    . . .      Spirit   .   f - +0 robe
rPois   +          Reflect  .   (no helmet)
rElec   .          Harm     .   (no cloak)
rCorr   .          Rampage  .   (no gloves)
Will    .....                   (no boots)
Stlth   ++........              (no amulet)
HPRegen 0.07/turn               (no ring)
MPRegen 0.09/turn               (no ring)

@: lethally poisoned (0 -> -6), very slightly contaminated
A: no striking features
a: no special abilities


You were on level 2 of the Dungeon.
You visited 1 branch of the dungeon, and saw 2 of its levels.

You collected 39 gold pieces.

Inventory:

Missiles
 b - 2 poisoned darts
 c - 18 stones (quivered)
 h - 5 javelins
Armour
 f - a +0 robe (worn)
Magical Staves
 a - a staff of poison (weapon)
Scrolls
 g - 2 scrolls of blinking {unknown}
Potions
 d - a potion of brilliance {unknown}
 e - 2 potions of lignification {unknown}


   Skills:
 * Level 1.3 Fighting
 + Level 1.8 Dodging
 - Level 1.5 Stealth
 + Level 1.7 Spellcasting
 + Level 1.2 Conjurations
 + Level 3.4 Fire Magic


You had one spell level left.
You knew the following spells:

 Your Spells              Type           Power      Damage    Failure   Level
a - Foxfire               Conj/Fire      32%        2x1d5     9%          1
b - Scorch                Fire           22%        2d6       9%          2

Your spell library contained the following spells:

 Spells                   Type           Power      Damage    Failure   Level
 Conjure Flame            Conj/Fire      8%         6-21      26%         3
 Sublimation of Blood     Necr           1%         N/A       34%         2
 Inner Flame              Hex/Fire       6%         N/A       34%         3
 Flame Wave               Conj/Fire      8%         2d5       65%         4
 Petrify                  Tmut/Erth      1%         N/A       92%         4
 Irradiate                Conj/Tmut      1%         3d14      99%         5


Dungeon Overview and Level Annotations

Branches:
Dungeon (2/15)

Altars:

Shops:
D:2 [


Message History

Flames lash the kobold.
You kill the kobold!
You see here a +0 club.
There is an escape hatch in the ceiling here.
There is an entrance to Noel's Antique Armour Shoppe here.
You can access your shopping list by pressing '$'.
You start resting.
HP restored.
You start resting.
Magic restored.
Found a club.
A frilled lizard comes into view.
The helpless frilled lizard fails to defend itself.
You hit the frilled lizard.
You kill the frilled lizard!
An adder comes into view.
The adder hisses angrily.
The adder closely misses you. The adder bites you.
You barely miss the adder. The adder bites you.
You closely miss the adder. The adder bites you. x2
You closely miss the adder. The adder bites you but does no damage.
Casting: Scorch (safe; 9% risk of failure)
Confirm with . or Enter, or press ? or * to list all spells.
You conjure some foxfire!
The adder bites you. x2
You are lethally poisoned!
The adder poisons you!
You hit the adder.
The adder is moderately wounded.
* * * LOW HITPOINT WARNING * * *
You feel sick.
The foxfire hits the adder.
The adder is heavily wounded.
The foxfire hits the adder.
The adder is almost dead.
The adder bites you.
* * * LOW HITPOINT WARNING * * *
Casting: Foxfire (safe; 9% risk of failure)
Confirm with . or Enter, or press ? or * to list all spells.
You miscast Scorch.
You are very lightly contaminated with residual magic.
Nothing appears to happen.
You die...

###########
#####.........#####
##.............ยง@S.#
...................#
.........#.........#
....######.........#
...)# #............
....### ..............
......##...............
......##...............
......##..............


You could see an adder.

Vanquished Creatures
  A ball python (D:2)
  2 endoplasms (D:1)
  2 giant cockroaches
  A hobgoblin (D:2)
  3 jackals (D:1)
  A kobold (D:2)
  2 frilled lizards
  3 rats
15 creatures vanquished.

Vanquished Creatures (others)
  21 foxfires
21 creatures vanquished.

Grand Total: 36 creatures vanquished

Notes
Turn   | Place    | Note
-------+----------+-------------------------------------------
     0 | D:1      | tizbic2 the Hill Orc Fire Elementalist began the quest for
                  | the Orb.
     0 | D:1      | Reached XP level 1. HP: 14/14 MP: 3/3
   323 | D:1      | Reached skill level 1 in Fighting
   323 | D:1      | Reached XP level 2. HP: 23/23 MP: 2/4
   497 | D:1      | Learned a level 2 spell: Scorch
   762 | D:2      | Found Noel's Antique Armour Shoppe.
   851 | D:2      | Succumbed to an adder's poison

Illustrated notes

Levels and vault maps discovered:
D:1:      dpeg_arrival_shrine, layout_basic
D:2:      cheibrodos_pilgrimage, layout_basic, serial_shops, shop_statue,
          nicolae_elevator_lobby_plus

Skill      XL: |  1 |
---------------+----+-----
Fighting       | 1 |  1.3
Dodging        | |  1.8
Stealth        | |  1.5
Spellcasting   | |  1.7
Conjurations   | |  1.2
Fire Magic     | |  3.4

Action                   || total
-------------------------++-------
Melee: Unarmed           ||    22
       Mace              ||     9
       Staff             ||    10
Throw: Stone             ||     2
 Cast: Foxfire           ||    15
       Scorch            ||     1
 Stab: Sleeping          ||     1
Armor: Robe              ||     9
Dodge: Dodged            ||    31
